 Dungeon Crawl Stone Soup version 0.31.0-11-ge490571c62 (webtiles) character file.

Game seed: 12999299687978309995

36087 sanka the Black Belt (level 13, -1/108 HPs)
             Began as a Merfolk Shapeshifter on Feb 3, 2024.
             Was a High Priest of Okawaru.
             Slain by a white ugly thing (29 damage)
             ... on level 15 of the Dungeon.
             The game lasted 00:32:17 (18731 turns).

sanka the Black Belt (Merfolk Shapeshifter)        Turns: 18731, Time: 00:32:19

Health: -1/108     AC:  5    Str: 20    XL:     13   Next: 88%
Magic:  12/16      EV: 43    Int: 11    God:    Okawaru [*****.]
Gold:   1534       SH:  0    Dex: 22    Spells: 12/12 levels left

rFire   . .          .
                       - Unarmed
rCold   . . .        (shield currently unavailable)
rNeg    . . .        a - melded +0 animal skin
rPois   .            F - +2 hat {Int+3}
rElec   .            (no cloak)
rCorr   .            o - +2 pair of gloves
SInv    .            (boots currently unavailable)
Will    +....        P - amulet of the acrobat
Stlth   ++           q - +6 ring of dexterity
HPRegen 0.38/turn    w - +5 ring of evasion
MPRegen 0.15/turn

%: acrobat
@: flux-form, heroic, glowing, very quick
A: glow, contaminating, nimble swimmer 2, mertail, strong-willed 1, strong 1
a: Begin Untransformation, Renounce Religion, Heroism, Finesse, Duel


You were on level 15 of the Dungeon.
You worshipped Okawaru.
Okawaru was extremely pleased with you.
You were something dangerously unstable.
You visited 3 branches of the dungeon, and saw 17 of its levels.
You also visited: Sewer and Bailey.

You collected 2051 gold pieces.
You spent 517 gold pieces at shops.


Innate Abilities, Weirdness & Mutations

You are something dangerously unstable.
You glow with magical radiation, making you easy to see and hit.
Foes you strike become dangerously contaminated with magical radiation.
You are incapable of wielding weapons or throwing items.
You are very nimble when in or above water. (Stealth+, EV+, Speed+++)
Your lower body shifts to a powerful aquatic tail in water.
You are strong-willed. (Will+)
Your muscles are strong. (Str +4, Int/Dex -1)


   Skills:
 - Level 12.0(17.0) Fighting
 + Level 13.8(18.8) Dodging
 - Level 15.0(20.0) Unarmed Combat
 - Level 5.0 Invocations
 - Level 14.0 Shapeshifting


You had 12 spell levels left.
You didn't know any spells.
Your spell library contained the following spells:

 Spells                   Type           Power      Damage    Failure   Level
 Magic Dart               Conj           0%         1d3       34%         1
 Blink                    Tloc           0%         N/A       47%         2
 Lesser Beckoning         Tloc           0%         N/A       47%         2
 Mercury Vapours          Alch/Air       0%         N/A       47%         2
 Searing Ray              Conj           0%         2d4       47%         2
 Static Discharge         Conj/Air       0%         3-3/arc   47%         2
 Sublimation of Blood     Necr           0%         N/A       47%         2
 Gell's Gravitas          Tloc           0%         N/A       71%         3
 Mephitic Cloud           Conj/Alch/Air  0%         N/A       71%         3
 Sigil of Binding         Hex            0%         N/A       71%         3
 Stone Arrow              Conj/Erth      0%         3d7       71%         3
 Teleport Other           Tloc           0%         N/A       71%         3
 Airstrike                Air            0%         2d(0-16)  98%         4
 Dispel Undead            Necr           0%         3d6       98%         4
 Fulminant Prism          Conj/Alch      0%         3d5       98%         4
 Passage of Golubria      Tloc           0%         N/A       98%         4
 Freezing Cloud           Conj/Ice/Air   0%         6-21      100%        5
 Yara's Violent Unravell  Hex/Alch       0%         3d3       100%        5
 Lehudib's Crystal Spear  Conj/Erth      0%         10d2      100%        8
 Call Imp                 Summ           Unusable   N/A       N/A         2
 Tukima's Dance           Hex            Unusable   N/A       N/A         3
 Animate Armour           Summ/Erth      Unusable   N/A       N/A         4
 Summon Lightning Spire   Summ/Air       Unusable   N/A       N/A         4

Inventory:

Missiles
 B - 6 curare-tipped darts {=f}
Armour
 a - a +0 animal skin (melded)
 o - a +2 pair of gloves (worn)
 F - a +2 hat of intelligence (worn)
Magical Staves
 M - a staff of air
Jewellery
 k - a ring of see invisible
 q - a +6 ring of dexterity (left hand)
 w - a +5 ring of evasion (right hand)
 K - a ring of positive energy
 O - a ring of protection from fire
 P - an amulet of the acrobat (around neck)
Talismans
 c - a beast talisman
 d - a flux talisman (active)
 I - a maw talisman
Wands
 n - a wand of roots (4)
 p - a wand of paralysis (8)
 G - a wand of digging (5)
 H - a wand of flame (12)
 J - a wand of light (22)
Scrolls
 e - a scroll of fog
 f - 4 scrolls of noise {!r}
 g - 3 scrolls of enchant armour
 h - 2 scrolls of identify {@r1}
 j - 3 scrolls of blinking
 m - 9 scrolls of teleportation {@r4}
 v - 4 scrolls of vulnerability {!r}
 y - 3 scrolls of summoning
 D - 6 scrolls of fear
Potions
 b - 3 potions of lignification {!q}
 i - 2 potions of resistance
 l - 7 potions of curing {@q1}
 r - 5 potions of attraction {!q}
 s - 4 potions of magic
 t - 7 potions of mutation {!q}
 u - 2 potions of cancellation
 x - 4 potions of haste {@q3}
 z - 6 potions of heal wounds {@q2}
 A - a potion of might
 C - 3 potions of berserk rage {!q}
 E - 2 potions of ambrosia
 L - a potion of enlightenment

Dungeon Overview and Level Annotations

Branches:
Dungeon (15/15)            Temple (1/1) D:7            Lair (0/5) D:9
    Orc (0/2) D:11         Vaults (0/5) D:14         Depths (1/4) D:15
  Sewer (visited)          Bailey (visited)

Altars:
Ashenzari
Cheibriados
Dithmenos
Elyvilon
Fedhas
Gozag
Hepliaklqana
Kikubaaqudgha
Makhleb
Nemelex Xobeh
Okawaru
Qazlal
Ru
Sif Muna
Trog
Uskayaw
Vehumet
Wu Jian
Xom
Yredelemnul
Zin
The Shining One

Shops:
D:2 !   D:6 (   D:13 (

Annotations:
D:9 exclusion: downstairs
D:11 exclusion: downstairs
D:14 exclusion: downstairs

▒▒▒▒▒▒▒▒▒
▒.+...+.▒
▒.▒8>8▒.▒
▒.▒[..▒.▒
▒.▒▒'▒▒.▒
▒.p†..≈.▒
▒.≈u..≈.▒
▒.≈.≈.≈.▒
▒.▒.▒.▒.▒
▒≈..▒..≈▒
▒≈≈...≈≈▒ ▒▒▒▒
▒▒▒▒'▒▒▒▒ ▒▒...
▒.▒▒▒▒▒▒▒▒▒▒....
▒.[[.(........~≈


You could see a white ugly thing.


Message History

You punch the red ugly thing!
The red ugly thing glows dangerously bright.
The red ugly thing is severely wounded.
You punch the red ugly thing!
You kill the red ugly thing!
Okawaru accepts your kill.
Your hands slow down.
You punch the white ugly thing!
The white ugly thing begins to glow.
You tail-slap the white ugly thing.
The white ugly thing is moderately wounded.
The white ugly thing basks in the mutagenic energy from its kin and changes!
You barely miss the purple ugly thing.
The purple ugly thing is moderately wounded.
The white ugly thing stops glowing.
You hit the purple ugly thing.
The purple ugly thing glows dangerously bright.
The purple ugly thing is moderately wounded.
The white ugly thing tail-slaps you.
* * * LOW HITPOINT WARNING * * *
The white ugly thing freezes you!
* * * LOW HITPOINT WARNING * * *
You punch the purple ugly thing!
The purple ugly thing shudders as magic cascades through it!!!
You kill the purple ugly thing!
Okawaru accepts your kill. The white ugly thing tail-slaps you!
* * * LOW HITPOINT WARNING * * *
The white ugly thing freezes you!!
You die...

Action                     |  1- 3 |  4- 6 |  7- 9 | 10-12 | 13-15 || total
---------------------------+-------+-------+-------+-------+-------++-------
  Melee: Unarmed           |   120 |   243 |   382 |   690 |   209 ||  1644
         Punch             |     1 |     1 |     1 |     1 |       ||     4
         Tailslap          |       |     7 |    17 |     1 |     1 ||    26
         Maw               |       |       |       |     5 |       ||     5
 Invoke: Heroism           |       |       |       |    13 |     7 ||    20
         Finesse           |       |       |       |       |     1 ||     1
  Evoke: Wand              |       |       |     7 |       |       ||     7
    Use: Potion            |       |       |     7 |       |       ||     7
         Scroll            |       |       |    12 |     6 |     3 ||    21
   Stab: Sleeping          |     3 |     1 |       |       |       ||     4
         Distracted        |     1 |       |       |       |       ||     1
 Armour: Animal skin       |    39 |    47 |       |       |       ||    86
         Skin              |       |    42 |   140 |   130 |    52 ||   364
  Dodge: Dodged            |    69 |   190 |   211 |   560 |   174 ||  1204
  Block: Other             |    17 |    65 |    68 |   127 |     3 ||   280
         Reflection        |       |     2 |       |     3 |     1 ||     6
   Form: Flux              |       |     1 |       |     1 |       ||     2
         Maw               |       |       |       |     1 |       ||     1

Levels and vault maps discovered:
D:1:      elethiomel_arrival_shortcut, layout_basic, minmay_indecisive_spiral
D:2:      layout_basic, serial_glass, glass_columns_a, glass_columns_b,
          glass_columns_a, glass_columns_a, glass_columns_b, glass_columns_a,
          serial_shops, nicolae_shop_rolling_square, patterned_corridor,
          uniq_terence
D:3:      layout_rooms, nicolae_gozag_seed_capital, minmay_shallow_snake_nest
D:4:      layout_basic, cheibrodos_sewer_entry_drain
D:5:      layout_rooms, lemuel_tele_altar, uniq_duvessa
D:6:      lemuel_ratsnest, layout_basic, serial_shops, shop, hex_medium
D:7:      layout_gridville, bloody_makhleb, minmay_temple_entry_wispy
D:8:      layout_loops_cross, mainiacjoe_overflow_24_doors,
          kennysheep_mini_moat, amcnicky_altar_gilded,
          mainiacjoe_overflow_divided_tiny
D:9:      layout_basic, minmay_lair_entry_grove, enter_bailey_2,
          grunt_ministairs_15, grunt_tough_drop, uniq_gastronok, uniq_maggie
D:10:     layout_basic, nemelex_spade_bored_becter
D:11:     layout_roguey, zombieorc1_lemuel
D:12:     layout_irregular_city, hangedman_glass_teeth, led_sif_pool
D:13:     layout_cave_pods, serial_shops, shop, minmay_misc_feat_four_crosses
D:14:     layout_big_octagon, grunt_vaults_entry_tiered, amethyst_killhole,
          minmay_misc_feat_nine_boxes, nicolae_diode_basic
D:15:     grunt_enter_depths_snipers, layout_loops_ring, dk_noncrumbling_3,
          serial_demonic, serial_demonic_c, serial_demonic_a, serial_demonic_f,
          serial_demonic_b
Temple:   compressed_dpeg_triangle_lava_temple
Depths:1: layout_cave_pools, pan_entry, hangedman_abyss_or_decor_lesser_grid,
          hell_entry, drop_trap, amcnicky_mini_pool_small, chequers_jeans

Notes
Turn   | Place    | Note
-------+----------+-------------------------------------------
     0 | D:1      | sanka the Merfolk Shapeshifter began the quest for the Orb.
     0 | D:1      | Reached XP level 1. HP: 15/15 MP: 1/1
    40 | D:1      | Reached XP level 2. HP: 13/21 MP: 2/2
   324 | D:1      | Reached skill level 5 in Shapeshifting
   531 | D:1      | Reached XP level 3. HP: 24/26 MP: 3/3
  1079 | D:2      | Noticed Terence
  1261 | D:2      | Reached skill level 6 in Shapeshifting
  1261 | D:2      | Reached XP level 4. HP: 26/32 MP: 4/4
  1676 | D:2      | Found Godulel's Distillery.
  2547 | D:3      | Reached skill level 7 in Shapeshifting
  2547 | D:3      | Reached XP level 5. HP: 35/37 MP: 5/5
  2930 | D:3      | Reached skill level 2 in Fighting
  3130 | D:3      | Found an opulent altar of Gozag.
  3282 | D:4      | Reached skill level 4 in Unarmed Combat
  3473 | D:4      | Found a glowing drain.
  3505 | Sewer    | Entered a sewer
  3586 | Sewer    | Noticed a crocodile
  3601 | Sewer    | Killed a crocodile
  3602 | Sewer    | Reached skill level 5 in Unarmed Combat
  3602 | Sewer    | Reached XP level 6. HP: 29/44 MP: 6/6
  3854 | Sewer    | Reached skill level 6 in Unarmed Combat
  3854 | Sewer    | Reached XP level 7. HP: 29/50 MP: 7/7
  4222 | D:2      | Found Godulel's Distillery.
  4368 | D:2      | Killed Terence
  5005 | D:5      | Entered Level 5 of the Dungeon
  5059 | D:5      | Noticed Dowan
  5064 | D:5      | Noticed Duvessa
  5084 | D:5      | Gained mutation: Your muscles are strong. (Str +4, Int/Dex
                  | -1) [potion of mutation]
  5084 | D:5      | Gained mutation: You are strong-willed. (Will+) [potion of
                  | mutation]
  5088 | D:5      | Killed Duvessa
  5089 | D:5      | Reached skill level 7 in Unarmed Combat
  5093 | D:5      | Killed Dowan
  5396 | D:5      | Found a radiant altar of Vehumet.
  5516 | D:5      | Reached skill level 8 in Unarmed Combat
  5657 | D:6      | Found Xaromu's Weapon Shop.
  5720 | D:6      | Reached XP level 8. HP: 56/56 MP: 8/8
  5894 | D:6      | Reached skill level 9 in Unarmed Combat
  6272 | D:6      | Reached skill level 10 in Unarmed Combat
  6282 | D:6      | Reached skill level 3 in Dodging
  6497 | D:7      | Found a staircase to the Ecumenical Temple.
  6502 | Temple   | Entered the Ecumenical Temple
  6559 | D:7      | HP: 2/57 [sky beast (6)]
  6566 | D:7      | Reached skill level 3 in Fighting
  6566 | D:7      | Reached skill level 4 in Dodging
  6567 | D:7      | HP: 5/87 [kobold brigand/+3 short sword (5)]
  6812 | D:7      | Found a burning altar of Makhleb.
  7137 | D:7      | Reached skill level 4 in Fighting
  7137 | D:7      | Reached skill level 5 in Dodging
  7337 | D:8      | Found a glowing silver altar of Zin.
  7337 | D:8      | Found a stormy altar of Qazlal.
  7352 | D:8      | Found a white marble altar of Elyvilon.
  7400 | D:8      | Reached XP level 9. HP: 49/65 MP: 9/9
  7547 | D:8      | Reached skill level 6 in Dodging
  7806 | D:8      | Found an iron altar of Okawaru.
  7855 | D:8      | Became a worshipper of Warmaster Okawaru
  8174 | D:8      | Identified +0 acid dragon scales
  8175 | D:8      | Reached skill level 5 in Fighting
  8491 | D:8      | Found an ancient bone altar of Kikubaaqudgha.
  8607 | D:9      | Found a flagged portal.
  8616 | D:9      | Reached skill level 7 in Dodging
  8622 | Bailey   | Entered a bailey
  8773 | Bailey   | Identified a scroll of acquirement
  8773 | Bailey   | Acquired 639 gold pieces
  8779 | Bailey   | Reached * piety under Okawaru
  8981 | Bailey   | Reached skill level 6 in Fighting
  9150 | Bailey   | Reached skill level 8 in Dodging
  9256 | Bailey   | Reached skill level 7 in Fighting
  9442 | Bailey   | Found an iron altar of Okawaru.
  9442 | Bailey   | Noticed an orc high priest
  9442 | Bailey   | Noticed an orc high priest
  9452 | Bailey   | Noticed a rust devil
  9505 | Bailey   | Killed an orc high priest
  9505 | Bailey   | Reached ** piety under Okawaru
  9506 | Bailey   | Reached skill level 8 in Fighting
  9506 | Bailey   | Reached skill level 8 in Shapeshifting
  9506 | Bailey   | Reached XP level 10. HP: 64/80 MP: 10/10
  9706 | Bailey   | Noticed a soul eater
  9811 | Bailey   | Identified the +1 spear of a Thousand Quests {holy, *Noise
                  | rC- rN+++ rCorr}
  9812 | Bailey   | Identified the +3 flail of Etochemu {freeze, Stlth+}
  9827 | Bailey   | Got the Verses on the Bewitching Grave
  9924 | Bailey   | Killed an orc high priest
  9925 | Bailey   | Reached skill level 9 in Shapeshifting
  9972 | D:9      | Identified +0 swamp dragon scales
  9972 | D:9      | Noticed Maggie
  9987 | D:9      | Killed Maggie
  9987 | D:9      | Reached *** piety under Okawaru
  9988 | D:9      | Reached skill level 10 in Shapeshifting
  9994 | D:9      | Acquired 222 gold pieces
 10074 | D:9      | Reached skill level 11 in Shapeshifting
 10180 | D:2      | Bought a potion of lignification for 33 gold pieces
 10180 | D:2      | Bought a potion of haste for 110 gold pieces
 10180 | D:2      | Bought a potion of heal wounds for 55 gold pieces
 10180 | D:2      | Bought a potion of degeneration for 11 gold pieces
 10180 | D:2      | Bought a potion of berserk rage for 55 gold pieces
 10180 | D:2      | Bought 2 potions of curing for 66 gold pieces
 10180 | D:2      | Bought 3 potions of curing for 99 gold pieces
 10180 | D:2      | Bought a potion of ambrosia for 88 gold pieces
 10380 | D:9      | Noticed Gastronok
 10396 | D:9      | Killed Gastronok
 10396 | D:9      | Reached **** piety under Okawaru
 10397 | D:9      | Reached skill level 12 in Shapeshifting
 10424 | D:9      | Reached skill level 13 in Shapeshifting
 10424 | D:9      | Reached XP level 11. HP: 86/86 MP: 11/11
 10456 | D:9      | Reached ***** piety under Okawaru
 10536 | D:9      | Found a staircase to the Lair.
 10549 | D:9      | Noticed a two-headed ogre
 10556 | D:9      | Killed a two-headed ogre
 10557 | D:9      | Reached skill level 2 in Invocations
 10557 | D:9      | Reached skill level 14 in Shapeshifting
 10632 | D:9      | Reached skill level 3 in Invocations
 10763 | D:10     | Entered Level 10 of the Dungeon
 10861 | D:10     | Reached skill level 4 in Invocations
 11260 | D:10     | Found a sparkling altar of Nemelex Xobeh.
 11618 | D:11     | Reached skill level 5 in Invocations
 11788 | D:11     | Found a staircase to the Orcish Mines.
 11892 | D:11     | Noticed a cyclops
 11910 | D:11     | Killed a cyclops
 12009 | D:11     | Noticed a cyclops
 12031 | D:11     | Killed a cyclops
 12032 | D:11     | Reached skill level 11 in Unarmed Combat
 12241 | D:11     | Noticed a cyclops
 12246 | D:11     | Killed a cyclops
 12380 | D:11     | Received a gift from Okawaru
 12386 | D:11     | Reached skill level 12 in Unarmed Combat
 12867 | D:12     | Noticed a brown ugly thing
 12882 | D:12     | Killed a green ugly thing
 12904 | D:12     | Noticed a manticore
 12911 | D:12     | Killed a manticore
 12912 | D:12     | Reached XP level 12. HP: 92/92 MP: 15/15
 13011 | D:12     | Noticed a boulder beetle
 13236 | D:12     | Found a shimmering blue altar of Sif Muna.
 13285 | D:12     | Reached skill level 13 in Unarmed Combat
 13381 | D:12     | Killed a boulder beetle
 13950 | D:13     | Identified 2 potions of resistance
 13998 | D:13     | Identified +0 acid dragon scales
 13999 | D:13     | Reached skill level 14 in Unarmed Combat
 14513 | D:13     | Noticed a boulder beetle
 14527 | D:13     | Killed a boulder beetle
 14605 | D:13     | Identified the +0 glaive "sanka's Death" {drain, *Corrode
                  | rF+ Str+7}
 14617 | D:13     | Found Jadyuwn's Weapon Boutique.
 14860 | D:13     | Reached skill level 15 in Unarmed Combat
 15232 | D:14     | Found a transporter.
 15585 | D:14     | Noticed a centaur warrior
 15674 | D:14     | Killed a centaur warrior
 15674 | D:14     | Received a gift from Okawaru
 15970 | D:14     | Reached skill level 9 in Dodging
 16025 | D:14     | Reached skill level 9 in Fighting
 16174 | D:14     | Reached skill level 10 in Dodging
 16174 | D:14     | Reached XP level 13. HP: 95/101 MP: 13/16
 16212 | D:14     | Found a gate to the Vaults.
 16212 | D:14     | Noticed a vault guard
 16212 | D:14     | Noticed a vault guard
 16251 | D:14     | Killed a vault guard
 16251 | D:14     | Received a gift from Okawaru
 16252 | D:14     | Reached skill level 10 in Fighting
 16259 | D:14     | Killed a vault guard
 16260 | D:14     | Reached skill level 11 in Dodging
 16733 | D:15     | Entered Level 15 of the Dungeon
 17052 | D:15     | Noticed a stone giant
 17064 | D:15     | Killed a stone giant
 17065 | D:15     | Reached skill level 11 in Fighting
 17065 | D:15     | Reached skill level 12 in Dodging
 17081 | D:15     | Received a gift from Okawaru
 17748 | D:15     | Reached skill level 13 in Dodging
 18019 | D:14     | Received a gift from Okawaru
 18203 | D:15     | Reached skill level 12 in Fighting
 18649 | D:15     | Found a staircase to the Depths.
 18662 | Depths:1 | Entered Level 1 of the Depths
 18662 | Depths:1 | Noticed an ice dragon
 18662 | Depths:1 | Noticed a merfolk javelineer
 18672 | D:15     | Killed an ice dragon
 18672 | D:15     | Identified +0 ice dragon scales
 18731 | D:15     | Slain by a white ugly thing

Vanquished Creatures
  Gastronok (D:9)
  A stone giant (D:15)
  2 vault guards (D:14)
  An ice dragon (D:15)
  2 centaur warriors
  3 boulder beetles
  2 tengu warriors (D:15)
  A two-headed ogre (D:9)
  2 orc high priests (Bailey)
  A soul eater (D:14)
  A sun demon (D:15)
  A sixfirhy (D:15)
  3 skeletal warriors
  2 arcanists (D:14)
  A necromancer (D:14)
  10 ugly things
  4 cyclopes
  A manticore (D:12)
  An orange demon (D:15)
  3 kobold demonologists
  Maggie (D:9)
  2 smoke demons (D:15)
  A komodo dragon (D:13)
  An unseen horror (D:11)
  3 yaktaurs
  2 ice devils (D:15)
  A troll (shapeshifter) (D:15)
  A hornet (D:10)
  A raiju (shapeshifter) (D:15)
  A dream sheep (shapeshifter) (D:15)
  2 shadows (D:11)
  3 wraiths
  7 yaks
  3 wyverns (D:9)
  A basilisk (D:9)
  17 humans (D:14)
  A steam dragon (D:8)
  10 vampire mosquitoes
  A chaos spawn (D:15)
  4 acid dragons
  2 water moccasins (D:9)
  A sky beast (D:7)
  Duvessa (D:5)
  A black bear (D:9)
  10 orc warriors
  2 ogres
  A crocodile (Sewer)
  3 wolves (D:9)
  5 centaurs
  A phantom (D:11)
  5 kobold brigands
  A brain worm (shapeshifter) (D:15)
  5 gnoll sergeants
  2 bullfrogs
  2 scorpions (D:9)
  4 wights (D:8)
  Dowan (D:5)
  2 troll zombies (D:11)
  6 electric eels (Bailey)
  11 howler monkeys
  3 bombardier beetles
  5 hounds
  4 orc priests
  Terence (D:2)
  2 iguanas (D:6)
  7 orc wizards
  A sleepcap (D:6)
  4 ogre zombies (D:11)
  13 adders
  20 gnolls
  5 river rats (D:6)
  2 shadow imps
  2 white imps
  2 ufetubi (D:5)
  4 dart slugs
  3 ribbon worms
  38 orcs
  6 bats
  12 endoplasms
  4 giant cockroaches
  2 gnoll zombies (D:11)
  10 goblins
  14 hobgoblins
  4 jackals
  9 quokkas
  17 ball pythons
  2 frilled lizards
  3 gnoll skeletons (D:11)
  18 kobolds
  2 orc skeletons (D:11)
  12 orc zombies (D:11)
  30 rats
433 creatures vanquished.
